 Dungeon Crawl Stone Soup version 0.30.0-5-g1a98f26d00 (webtiles) character file.

Game seed: 7836828895571594020

492432 SnakkuSnakku7 the Bringer of Life (level 23, -6/345 HPs)
             Began as an Armataur Warper on May 8, 2023.
             Was the Champion of Elyvilon.
             Mangled by a death cob (19 damage)
             ... summoned by an orange crystal statue
             ... on level 5 of the Realm of Zot.
             The game lasted 01:30:39 (43111 turns).

SnakkuSnakku7 the Bringer of Life (AtWr)           Turns: 43111, Time: 01:30:39

Health: -6/345     AC: 34    Str: 34    XL:     23   Next: 61%
Magic:  0/39       EV: 15    Int: 11    God:    Elyvilon [******]
Gold:   6668       SH: 11    Dex: 17    Spells: 25/25 levels left

rFire   . . .        a - +8 eveningstar (elec)
rCold   . . .        D - +3 warlock's mirror {omnireflect}
rNeg    + + +        V - +4 moon troll leather armour {Spirit, Regen++ MP+5}
rPois   +            m - +2 helmet {SInv}
rElec   .            t - +1 cloak of Sin {Slay+3}
rCorr   .            g - +2 pair of gloves {Str+3}
SInv    +            n - +4 barding
Will    +....        S - amulet of regeneration Stlth
                     Z - ring of the Empire {rPois rF+ rN++ Str+6 Int-4}
HPRegen 3.17/turn    x - ring "Irol" {rPois rN+ Dex+6 Slay+2 Stlth-}
MPRegen 0.26/turn

%: reflection, guardian spirit, roll
@: berserking, slowed, studying Hexes
A: large, rugged brown scales 3, deformed body, armoured tail, roll, long
tongue, awkward tongue, low MP 1, heat vulnerability 1
}: 3/15 runes: barnacled, silver, gossamer
a: Renounce Religion, Purification, Heal Other, Heal Self, Divine Vigour


You were on level 5 of the Realm of Zot.
You worshipped Elyvilon.
Elyvilon was exalted by your worship.
You visited 8 branches of the dungeon, and saw 44 of its levels.
You visited the Abyss 3 times.
You also visited: Ice Cave.

You collected 8095 gold pieces.
You spent 1427 gold pieces at shops.

Inventory:

Hand Weapons
 a - a +8 eveningstar of electrocution (weapon)
Missiles
 N - 10 throwing nets (quivered)
Armour
 g - a +2 pair of gloves of strength (worn)
 m - a +2 helmet of see invisible (worn)
 n - a +4 barding (worn)
 t - the +1 cloak of Sin (worn) {Slay+3}
   (You acquired it on level 2 of the Depths)

   Slay:      It affects your accuracy & damage with ranged weapons and melee
   (+3).
 D - the +3 warlock's mirror (worn) {omnireflect}
   (You found it on level 12 of the Dungeon)

   Omnireflect: It can block and reflect piercing ranged attacks and magical
   attacks against the wielder's willpower.
 K - +0 gold dragon scales
 V - the +4 moon troll leather armour (worn) {Spirit, Regen++ MP+5}
   (You found it on level 5 of the Lair of Beasts)

   MP:        It affects your magic capacity (+5).
   Regen:     It increases your rate of health regeneration.
Jewellery
 b - a ring of willpower
 c - the ring "Qouroma" {rElec rC+ Str+3 Int-2 SInv}
   (You found it on level 3 of the Shoals)

   [ring of protection from cold]

   Str:       It affects your strength (+3).
   Int:       It affects your intelligence (-2).
   rC:        It protects you from cold.
   rElec:     It insulates you from electricity.
   SInv:      It lets you see invisible.
 d - the ring "Aneulosi" {rF+ rC+ rN+ Str-5 Dex+3}
   (You found it on level 5 of the Vaults)

   [ring of protection from cold]

   Str:       It affects your strength (-5).
   Dex:       It affects your dexterity (+3).
   rF:        It protects you from fire.
   rC:        It protects you from cold.
   rN:        It protects you from negative energy.
 f - a ring of positive energy
 j - a ring of positive energy
 u - a +5 ring of evasion
 x - the ring "Irol" (right hand) {rPois rN+ Dex+6 Slay+2 Stlth-}
   (You took it off a vault guard on level 5 of the Vaults)

   [ring of dexterity]

   Dex:       It affects your dexterity (+6).
   Slay:      It affects your accuracy & damage with ranged weapons and melee
   (+2).
   rPois:     It protects you from poison.
   rN:        It protects you from negative energy.
   Stlth:     It makes you less stealthy.
 C - the ring of Onibatypn {Fire Drain Will+ SInv Stlth+}
   (You took it off a fire giant on level 3 of the Depths)

   [ring of fire]

   It enhances your fire magic.
   rF:        It protects you from fire.
   rC:        It makes you vulnerable to cold.
   SInv:      It lets you see invisible.
   Drain:     It drains your maximum health when unequipped.
   Will:      It increases your willpower.
   Stlth:     It makes you more stealthy.
 P - a ring of willpower
 S - an amulet of regeneration (around neck)
 Z - the ring of the Empire (left hand) {rPois rF+ rN++ Str+6 Int-4}
   (You found it on level 4 of the Lair of Beasts)

   [ring of strength]

   Str:       It affects your strength (+6).
   Int:       It affects your intelligence (-4).
   rF:        It protects you from fire.
   rPois:     It protects you from poison.
   rN:        It greatly protects you from negative energy.
Wands
 z - a wand of flame (72)
 G - a wand of polymorph (30)
 M - a wand of iceblast (37)
 O - a wand of paralysis (51)
 T - a wand of digging (7)
 W - a wand of mindburst (10)
 X - a wand of light (12)
Scrolls
 e - 17 scrolls of teleportation
 h - 12 scrolls of fear
 i - 4 scrolls of enchant armour
 q - 5 scrolls of poison
 y - 11 scrolls of immolation
 F - 3 scrolls of silence
 H - 8 scrolls of fog
 I - 5 scrolls of butterflies
Potions
 k - 9 potions of flight
 l - 8 potions of heal wounds
 o - 5 potions of haste
 p - 16 potions of ambrosia
 r - 7 potions of might
 v - 6 potions of mutation
 w - 4 potions of attraction
 A - 4 potions of berserk rage
 B - a potion of cancellation
 E - 5 potions of resistance
 J - 4 potions of invisibility
 L - 3 potions of magic
 Q - 20 potions of curing
 U - 6 potions of brilliance
Miscellaneous
 Y - a phial of floods


   Skills:
 - Level 20.0 Fighting
 - Level 4.4(10.4) Axes
 - Level 15.6(16.0) Maces & Flails
 - Level 0.8 Throwing
 - Level 20.0 Armour
 - Level 13.5 Dodging
 - Level 10.0 Stealth
 - Level 15.7 Shields
 - Level 1.7 Spellcasting
 - Level 3.0 Translocations
 + Level 22.9 Invocations


You had 25 spell levels left.
You didn't know any spells.
Your spell library contained the following spells:

 Spells                   Type           Power      Damage    Failure   Level
 Apportation              Tloc           14%        N/A       10%         1
 Blink                    Tloc           14%        N/A       14%         2
 Lesser Beckoning         Tloc           14%        N/A       14%         2
 Momentum Strike          Conj/Tloc      8%         3d8       26%         2
 Gell's Gravitas          Tloc           7%         N/A       28%         3
 Teleport Other           Tloc           7%         N/A       28%         3
 Foxfire                  Conj/Fire      0%         2x1d4     32%         1
 Kiss of Death            Conj/Necr      0%         2d5       32%         1
 Magic Dart               Conj           0%         1d3       32%         1
 Necrotise                Necr           0%         1d4       32%         1
 Sandblast                Erth           0%         2d4       32%         1
 Slow                     Hex            0%         N/A       32%         1
 Summon Small Mammal      Summ           0%         N/A       32%         1
 Call Imp                 Summ           0%         N/A       45%         2
 Passwall                 Tmut/Erth      0%         N/A       45%         2
 Poisonous Vapours        Pois/Air       0%         N/A       45%         2
 Static Discharge         Conj/Air       0%         2-2/arc   45%         2
 Portal Projectile        Hex/Tloc       8%         N/A       47%         3
 Vhi's Electric Charge    Tloc/Air       8%         N/A       47%         3
 Manifold Assault         Tloc           7%         N/A       67%         4
 Call Canine Familiar     Summ           0%         N/A       69%         3
 Confusing Touch          Hex            0%         N/A       69%         3
 Hailstorm                Conj/Ice       0%         3d3       69%         3
 Ignite Poison            Fire/Tmut/Pois 0%         N/A       69%         3
 Inner Flame              Hex/Fire       0%         N/A       69%         3
 Mephitic Cloud           Conj/Pois/Air  0%         N/A       69%         3
 Ozocubu's Armour         Ice            0%         N/A       69%         3
 Stone Arrow              Conj/Erth      0%         3d7       69%         3
 Vampiric Draining        Necr           0%         2d6       69%         3
 Animate Armour           Summ/Erth      0%         N/A       97%         4
 Flame Wave               Conj/Fire      0%         2d4       97%         4
 Ice Form                 Ice/Tmut       0%         N/A       97%         4
 Leda's Liquefaction      Hex/Erth       0%         N/A       97%         4
 Sticky Flame             Conj/Fire      0%         2d3       97%         4
 Summon Forest            Summ/Tloc      2%         N/A       99%         5
 Alistair's Intoxication  Tmut/Pois      0%         N/A       100%        5
 Borgnjor's Vile Clutch   Necr/Erth      0%         N/A       100%        5
 Fireball                 Conj/Fire      0%         3d3       100%        5
 Freezing Cloud           Conj/Ice/Air   0%         6-21      100%        5
 Lee's Rapid Deconstruct  Erth           0%         3d4*      100%        5
 Metabolic Englaciation   Hex/Ice        0%         N/A       100%        5
 Summon Mana Viper        Hex/Summ       0%         N/A       100%        5
 Dispersal                Tloc           3%         N/A       100%        6
 Iron Shot                Conj/Erth      0%         9d1       100%        6
 Plasma Beam              Fire/Air       0%         2x1d11    100%        6
 Simulacrum               Ice/Necr       0%         N/A       100%        6
 Starburst                Conj/Fire      0%         6d3       100%        6
 Statue Form              Tmut/Erth      0%         N/A       100%        6
 Summon Cactus Giant      Summ           0%         N/A       100%        6
 Monstrous Menagerie      Summ           0%         N/A       100%        7
 Ozocubu's Refrigeration  Ice            0%         4d7       100%        7
 Storm Form               Tmut/Air       0%         N/A       100%        7
 Summon Hydra             Summ           0%         N/A       100%        7
 Disjunction              Tloc           3%         N/A       100%        8
 Ignition                 Fire           0%         3d3       100%        8
 Fire Storm               Conj/Fire      0%         5d1       100%        9
 Shatter                  Erth           0%         3d5*      100%        9


Dungeon Overview and Level Annotations

Branches:
Dungeon (15/15)            Temple (0/1) D:7            Lair (5/5) D:11
 Shoals (4/4) Lair:2       Spider (4/4) Lair:3        Slime (0/5) Lair:5
    Orc (2/2) D:11            Elf (0/3) Orc:2        Vaults (5/5) D:14
  Crypt (0/3) Vaults:3     Depths (4/4) D:15            Zot (5/5) Depths:4
  IceCv (visited)

Altars:
Ashenzari
Cheibriados
Elyvilon
Fedhas
Gozag
Hepliaklqana
Kikubaaqudgha
Makhleb
Nemelex Xobeh
Okawaru
Ru
Uskayaw
Vehumet
Wu Jian
Xom
Yredelemnul
Jiyva
Lugonu

Shops:
D:4 :   D:5 *(   D:11 =   Orc:2 :(((   Vaults:1 (   Vaults:2 [   Depths:1 *[*
Depths:4 (

Portals:
Hell: Depths:1 Depths:2 Depths:3 Depths:4
Abyss: Depths:2 Depths:3
Pandemonium: Depths:2 Depths:4
Ziggurat: Depths:4

Annotations:
Lair:5 1 runed translucent door
Zot:5 exclusion: orange crystal statue


Innate Abilities, Weirdness & Mutations

You are completely covered in rugged brown scales. (AC +3, +7% HP)
Armour fits poorly on your strangely shaped body.
You have a long armoured tail.
You roll when moving toward enemies. (Rampage)
Your long tongue fully drains potion bottles. (2x potion effects)
Your tongue gives you trouble enunciating. (1.5x scroll delay)
Your magical capacity is low. (-10% MP)
You are vulnerable to heat. (rF-)


Message History

* * * LOW HITPOINT WARNING * * *
The death cob hits you!
* * * LOW HITPOINT WARNING * * *
The death cob drains your vigour!
You feel as though you will be slow longer.
Unknown command.
You completely miss the orb of fire.
The orb of fire is almost destroyed.
You block the death cob's attack.
The shadow dragon bites you but does no damage.
You block the shadow dragon's attack. x2; The death cob hits you!
* * * LOW HITPOINT WARNING * * *
You skewer the orb of fire like a kebab!!!
You destroy the orb of fire!
The death cob hits you.
* * * LOW HITPOINT WARNING * * *
The death cob drains your vigour!
You feel as though you will be slow longer.
The death cob misses you.
The shadow dragon breathes negative energy at you.
The bolt of negative energy hits you but does no damage.
You resist.
You bludgeon the shadow dragon!!
Lightning courses through the shadow dragon!!
The shadow dragon is severely wounded.
The death cob hits you!! Elyvilon protects you from harm!
The death cob drains your vigour!
You feel as though you will be slow longer.
You block the death cob's attack. The shadow dragon misses you.
The shadow dragon claws you.
* * * LOW HITPOINT WARNING * * *
The shadow dragon claws you but does no damage.
You closely miss the death cob.
The death cob is heavily damaged.
The death cob closely misses you.
You closely miss the death cob. You tail-slap the death cob!!
The death cob is severely damaged.
The death cob hits you!!
You die...

....## #................^
....# #..?.^.............
....## #..................
.....# #..^...............
.....## #..................
......###..................
####...###.................
##....##.)...Dz.........
###......[..@.........#
#▓▓▓▓▓▓▓▓▓▓▓##....8▓▓
......▓ ....... .......
.....^^ ....^.. .......


You could see a shadow dragon (summoned, catching breath) and a death cob
(summoned).

Vanquished Creatures
  3 dread liches (Zot:5)
  An ancient lich (Vaults:5)
  3 orbs of fire (Zot:5)
  Mara (Depths:3)
  4 juggernauts
  2 Killer Klowns (Zot:5)
  A curse toe (Zot:2)
  A golden dragon (Depths:3)
  A bone dragon (Vaults:4)
  Arachne (Spider:1)
  2 electric golems (Zot:5)
  The ghost of Seidenschwarz the Ruinous, an adept DECj of Vehumet (Shoals:3)
  5 tentacled monstrosities
  Rupert (D:12)
  The ghost of fearitself the Executioner, an adept MiBe of Trog (Shoals:3)
  A walking crystal tome (Depths:3)
  A walking frostbound tome (Depths:3)
  2 liches
  12 Orb Guardians (Zot:5)
  8 titans
  A death cob (Zot:5)
  2 tentacled starspawn
  2 krakens (Shoals:4)
  3 quicksilver dragons
  4 tengu reavers
  Polyphemus (Shoals:3)
  An eldritch tentacle (Vaults:4)
  6 sphinxes
  Donald (Vaults:4)
  3 storm dragons
  Agnes (D:14)
  3 draconian monks
  4 shadow dragons
  Ilsuiw (Shoals:2)
  7 iron dragons
  Roxanne (Shoals:1)
  10 fire giants
  7 frost giants
  8 vault wardens
  A deep elf sorcerer (Vaults:5)
  Aizul (Shoals:3)
  3 ghost moths
  3 orc warlords
  5 draconian stormcallers
  2 war gargoyles
  Louise (Shoals:2)
  22 ironbound preservers
  4 spriggan defenders
  A reaper (IceCv)
  A quicksilver ooze (shapeshifter) (Depths:3)
  A draconian annihilator (Depths:4)
  5 broodmothers (Spider:4)
  20 very ugly things
  4 vampire knights
  2 green draconians (Depths:4)
  14 stone giants
  A caustic shrike skeleton (Vaults:4)
  4 ironbound thunderhulks
  A deep elf demonologist (Vaults:4)
  Nessos (D:12)
  3 black draconians (Zot:1)
  4 white draconians
  3 dire elephants
  A starcursed mass (Abyss:3)
  2 yellow draconians
  A red draconian (Zot:1)
  3 spark wasps
  6 purple draconians
  A green death (Depths:2)
  2 crystal guardians
  3 deep elf death magi
  11 ettins
  2 blizzard demons
  Josephine (D:13)
  9 merfolk javelineers
  11 fire dragons
  7 merfolk impalers
  11 yaktaur captains
  A deep elf high priest (Vaults:3)
  Erolcha (D:11)
  3 entropy weavers
  28 vault guards
  2 jorogumos
  6 ice dragons
  An ogre mage (Vaults:4)
  5 spriggan air magi
  2 hydras (Lair:5)
  5 merfolk avatars
  2 peacekeepers
  3 radroaches
  The ghost of Implojin the Brawler, a journeyman VSFE of Wu Jian (Lair:3)
  4 great orbs of eyes
  4 catoblepae
  6 merfolk aquamancers
  A death knight (D:15)
  3 ghost crabs (Vaults:4)
  6 ironbound frosthearts
  5 centaur warriors
  A two-headed ogre (shapeshifter) (Vaults:4)
  9 boulder beetles
  3 deep troll earth magi
  5 two-headed ogres
  A dancing weapon (Abyss:3)
  4 death yaks (Shoals:3)
  2 vampire magi
  3 deep troll shamans
  3 hell hogs (Abyss:2)
  7 tengu warriors
  2 thrashing horrors (Abyss:2)
  2 sun demons (Depths:4)
  An orc high priest (Orc:2)
  A deep elf knight (Vaults:3)
  3 sixfirhies
  4 spriggan berserkers
  8 hell knights
  10 iron trolls
  8 spriggans
  8 pharaoh ants
  8 skysharks
  A shadow wraith (Abyss:3)
  A spatial maelstrom (Abyss:2)
  19 sea snakes
  58 deep trolls
  Lodul (D:13)
  3 glowing orange brains
  A flayed ghost (Depths:3)
  14 orc knights
  6 orb spiders
  11 lindwurms
  2 necromancers
  3 obsidian statues
  A deep elf archer (Vaults:3)
  14 harpies
  8 steelbarb worms
  17 ironbound convokers
  5 phantasmal warriors
  18 wizards
  2 deep elf zephyrmancers
  A tengu skeleton (Vaults:5)
  18 wolf spiders
  21 ugly things
  6 deep elf pyromancers
  A wolf spider (shapeshifter) (Vaults:5)
  2 shining eyes
  22 manticores
  2 fauns (Shoals:1)
  A shadow dragon skeleton (Vaults:5)
  12 cyclopes
  11 elephants
  3 orc sorcerers
  6 moths of wrath
  6 merfolk sirens
  2 moths of wrath (shapeshifter)
  2 human zombies (Vaults:5)
  5 rust devils
  An iron dragon skeleton (Vaults:4)
  3 worldbinders
  16 vault sentinels
  12 water nymphs
  2 black mambas (Lair:4)
  A guardian serpent (Abyss:3)
  2 torpor snails
  An apocalypse crab (Abyss:3)
  4 orange demons
  A gargoyle (D:11)
  2 ice statues (IceCv)
  An alligator snapping turtle skeleton (Abyss:3)
  3 smoke demons
  5 demonic crawlers
  12 cane toads
  4 kobold demonologists (D:12)
  3 unseen horrors
  2 rime drakes
  2 freezing wraiths
  5 komodo dragons
  3 tengu conjurers
  20 yaktaurs
  5 ancient zymes
  3 red devils (Depths:1)
  34 merfolk
  9 ice devils
  5 meliai
  2 hellwings (Depths:2)
  A golden dragon simulacrum (Vaults:4)
  9 trolls
  6 wind drakes
  A queen bee (Lair:3)
  A wind drake (shapeshifter) (Vaults:5)
  Prince Ribbit (D:5)
  6 hornets
  A raiju (Abyss:2)
  25 blink frogs
  A tyrant leech (Lair:5)
  16 tarantellas
  A sphinx simulacrum (Vaults:4)
  18 dream sheep
  13 snapping turtles
  5 large abominations
  24 jumping spiders
  22 slime creatures
  30 culicivoras
  10 wraiths
  3 ynoxinuls
  2 wyverns
  An air elemental (Abyss:2)
  15 water elementals
  4 fire bats (Abyss:2)
  The ghost of Taurus the Chopper, an amateur MiFi of the Shining One (D:4)
  6 small abominations
  4 vampires
  40 yaks
  3 basilisks
  A neqoxec (Abyss:3)
  A redback (shapeshifter) (Vaults:5)
  5 vampire mosquitoes (Lair:5)
  3 chaos spawn
  3 steam dragons
  44 redbacks
  Menkaure (D:4)
  A death yak simulacrum (IceCv)
  3 spatial vortices
  Edmund (D:6)
  9 wargs
  A harpy simulacrum (IceCv)
  4 acid dragons
  9 water moccasins
  Duvessa (D:7)
  2 floating eyes
  42 orc warriors
  An ice beast (D:6)
  2 sky beasts
  7 black bears
  A glowing shapeshifter skeleton (Vaults:4)
  10 wolves
  13 ogres
  A wolf (shapeshifter) (Abyss:3)
  9 centaurs
  2 boggarts (Vaults:4)
  4 kobold brigands
  20 bullfrogs
  2 gnoll sergeants (D:7)
  2 earth elementals (Vaults:4)
  A cane toad simulacrum (IceCv)
  A glowing shapeshifter simulacrum (Vaults:4)
  2 scorpions (D:5)
  A two-headed ogre simulacrum (IceCv)
  8 wights
  20 killer bees
  Dowan (D:7)
  An elephant simulacrum (IceCv)
  4 howler monkeys
  4 electric eels
  A crimson imp (D:4)
  17 orc priests
  A jelly (D:5)
  7 hounds
  2 sleepcaps
  Ijyb (D:4)
  4 hell rats
  19 orc wizards
  5 iguanas
  3 polar bear simulacra (IceCv)
  A spriggan simulacrum (IceCv)
  3 troll simulacra (IceCv)
  A wolf simulacrum (IceCv)
  9 gnolls
  10 adders
  2 naga simulacra (IceCv)
  12 river rats
  2 shadow imps
  6 white imps
  4 ufetubi
  4 worms
  3 dart slugs
  94 orcs
  6 endoplasms
  9 giant cockroaches
  9 goblins
  3 hobgoblins
  6 quokkas
  6 ball pythons
  3 bats (D:2)
  A frilled lizard (D:2)
  14 kobolds
  10 rats
  A spectral orc (D:10)
  3 starspawn tentacles
  9 tentacles (Shoals:4)
1756 creatures vanquished.

Vanquished Creatures (others)
  Kirke (Lair:5)
  A storm dragon (Vaults:5)
  An ironbound thunderhulk (Vaults:5)
  An ogre mage (Vaults:4)
  A tengu warrior (Depths:1)
  A deep troll earth mage (Depths:3)
  A skyshark (Lair:4)
  2 deep elf zephyrmancers
  A rust devil (Depths:1)
  2 cane toads
  A komodo dragon (Lair:3)
  A hornet (Depths:1)
  2 blink frogs (Lair:3)
  2 yaks (Lair:5)
  6 hell rats (Lair:4)
  A river rat (Lair:3)
  2 orcs (Orc:1)
  3 rats (Lair:3)
  4 starspawn tentacles
  10 tentacles (Shoals:4)
44 creatures vanquished.

Grand Total: 1800 creatures vanquished

Notes
Turn   | Place    | Note
-------+----------+-------------------------------------------
     0 | D:1      | SnakkuSnakku7 the Armataur Warper began the quest for the
                  | Orb.
     0 | D:1      | Reached XP level 1. HP: 18/18 MP: 3/3
   181 | D:1      | Reached XP level 2. HP: 16/25 MP: 4/4
   688 | D:2      | Reached XP level 3. HP: 32/32 MP: 5/5
   707 | D:2      | Found a white marble altar of Elyvilon.
   751 | D:2      | Became a worshipper of Elyvilon the Healer
  1167 | D:2      | You fall into a shaft and drop 2 floors!
  1225 | D:4      | Noticed Menkaure
  1261 | D:4      | Noticed Ijyb
  1535 | D:3      | Reached * piety under Elyvilon
  1705 | D:3      | Reached XP level 4. HP: 31/40 MP: 6/6
  2001 | D:3      | Elyvilon protects you from harm!
  2279 | D:3      | Reached XP level 5. HP: 9/48 MP: 7/7
  2769 | D:4      | Found Idoxid's Tiny Tomes.
  2820 | D:4      | Reached ** piety under Elyvilon
  2959 | D:4      | Found a shimmering altar of Xom.
  2959 | D:4      | Found a burning altar of Makhleb.
  3075 | D:4      | Killed Menkaure
  3076 | D:4      | Reached XP level 6. HP: 19/56 MP: 8/8
  3077 | D:4      | Killed Ijyb
  3212 | D:4      | Found a runed translucent gate.
  3212 | D:4      | Found a runed translucent gate.
  3212 | D:4      | Found a runed translucent gate.
  3213 | D:4      | Found an opulent altar of Gozag.
  3214 | D:4      | Noticed Taurus's ghost (amateur MiFi)
  3215 | D:4      | Noticed a steam dragon
  3460 | D:5      | Entered Level 5 of the Dungeon
  3523 | D:5      | Found Zagoirchi's Antique Weapon Boutique.
  3561 | D:5      | Found Zenesos's CLEARANCE SALE!.
  3568 | D:5      | Reached skill level 5 in Fighting
  3568 | D:5      | Reached skill level 1 in Maces & Flails
  3568 | D:5      | Reached XP level 7. HP: 25/65 MP: 9/9
  3648 | D:5      | Bought a potion of heal wounds for 20 gold pieces
  4136 | D:5      | Noticed Prince Ribbit
  4143 | D:5      | Killed Prince Ribbit
  4281 | D:5      | Bought a runed morningstar for 217 gold pieces
  4348 | D:5      | Reached skill level 5 in Maces & Flails
  4348 | D:5      | Reached XP level 8. HP: 64/72 MP: 10/10
  4460 | D:6      | Reached *** piety under Elyvilon
  4466 | D:6      | Noticed Edmund
  4638 | D:6      | Killed Edmund
  5189 | D:7      | Reached XP level 9. HP: 23/77 MP: 11/11
  5719 | D:7      | Reached **** piety under Elyvilon
  5955 | D:7      | Found a staircase to the Ecumenical Temple.
  6234 | D:7      | Noticed Dowan
  6236 | D:7      | Noticed Duvessa
  6249 | D:7      | Killed Duvessa
  6250 | D:7      | Reached skill level 10 in Maces & Flails
  6252 | D:7      | Killed Dowan
  6614 | D:7      | Found a basalt altar of Yredelemnul.
  6621 | D:7      | Found an ornate altar of the Wu Jian Council.
  6622 | D:7      | Found a snail-covered altar of Cheibriados.
  6623 | D:7      | Found an ancient bone altar of Kikubaaqudgha.
  6623 | D:7      | Found a sacrificial altar of Ru.
  6623 | D:7      | Found a radiant altar of Vehumet.
  6625 | D:7      | Found a sparkling altar of Nemelex Xobeh.
  6627 | D:7      | Found a hide-covered altar of Uskayaw.
  6628 | D:7      | Found a white marble altar of Elyvilon.
  7296 | D:8      | Reached ***** piety under Elyvilon
  7320 | D:8      | Reached XP level 10. HP: 83/86 MP: 12/12
  8321 | D:9      | Found an iron altar of Okawaru.
  8364 | D:9      | Found a blossoming altar of Fedhas.
  8764 | D:9      | Noticed a two-headed ogre
  8772 | D:9      | Killed a two-headed ogre
  9237 | D:10     | Entered Level 10 of the Dungeon
  9237 | D:10     | Reached ****** piety under Elyvilon
  9906 | D:10     | Found a hazy altar of Hepliaklqana.
 10036 | D:11     | Noticed a green ugly thing
 10036 | D:11     | Noticed a gargoyle
 10164 | D:10     | Killed a green ugly thing
 10169 | D:10     | Reached XP level 11. HP: 61/92 MP: 13/13
 10372 | D:11     | Noticed a boulder beetle
 10400 | D:11     | Killed a boulder beetle
 10531 | D:11     | Noticed Erolcha
 10540 | D:11     | Killed Erolcha
 10672 | D:11     | Found a staircase to the Orcish Mines.
 10890 | D:11     | Found a staircase to the Lair.
 11022 | D:11     | Found Udoec's Jewellery Shop.
 11029 | D:11     | Bought an amulet of regeneration for 360 gold pieces
 11172 | Lair:1   | Entered Level 1 of the Lair of Beasts
 11350 | Lair:1   | Reached skill level 15 in Maces & Flails
 12174 | Lair:2   | Reached skill level 5 in Armour
 12209 | Lair:2   | Found a staircase to the Shoals.
 12437 | Lair:2   | Reached XP level 12. HP: 100/100 MP: 14/14
 12470 | Lair:2   | Identified the +1 hand axe of Vadebb {elec, rF+ Will+ rCorr
                  | Int-2}
 12932 | Lair:3   | Found a hole to the Spider Nest.
 13274 | Lair:3   | Reached skill level 10 in Armour
 13328 | Lair:3   | Reached skill level 1 in Invocations
 13333 | Lair:3   | Reached skill level 2 in Invocations
 13339 | Lair:3   | Reached skill level 3 in Invocations
 13352 | Lair:3   | Reached skill level 4 in Invocations
 13507 | Lair:3   | Reached skill level 5 in Invocations
 13587 | Lair:3   | Reached skill level 6 in Invocations
 13650 | Lair:3   | Found a transporter.
 13655 | Lair:3   | Found a transporter.
 13666 | Lair:3   | Noticed a seven-headed hydra
 13674 | Lair:3   | Pacified a seven-headed hydra
 13676 | Lair:3   | Reached skill level 7 in Invocations
 13715 | Lair:3   | Noticed Implojin's ghost (journeyman VSFE)
 13839 | Lair:3   | Noticed a boulder beetle
 13855 | Lair:3   | Killed a boulder beetle
 14212 | Lair:3   | Reached skill level 8 in Invocations
 14369 | Lair:4   | Reached XP level 13. HP: 74/107 MP: 19/19
 14401 | Lair:4   | Reached skill level 9 in Invocations
 14643 | Lair:4   | Identified the ring of the Empire {rPois rF+ rN++ Str+6
                  | Int-4}
 14768 | Lair:4   | Reached skill level 10 in Invocations
 15233 | Lair:5   | Entered Level 5 of the Lair of Beasts
 15372 | Lair:5   | Found a runed translucent door.
 15398 | Lair:5   | Found a viscous altar of Jiyva.
 15398 | Lair:5   | Noticed an acid blob
 15400 | Lair:5   | Noticed an acid blob
 15422 | Lair:5   | Reached skill level 11 in Invocations
 15618 | Lair:5   | Reached skill level 12 in Invocations
 15906 | Lair:5   | Found the +4 moon troll leather armour {Spirit, Regen++
                  | MP+5}
 16031 | Lair:5   | Reached skill level 1 in Shields
 16056 | Lair:5   | Noticed Kirke
 16066 | Lair:5   | Killed Kirke
 16344 | Lair:5   | Found a staircase to the Slime Pits.
 16428 | Lair:3   | Reached skill level 5 in Shields
 16473 | Lair:3   | Killed Implojin's ghost
 16785 | D:4      | Killed Taurus's ghost
 16948 | Orc:1    | Entered Level 1 of the Orcish Mines
 17019 | Orc:1    | Noticed an orc warlord
 17026 | Orc:1    | Reached XP level 14. HP: 114/114 MP: 23/23
 17057 | Orc:1    | Paralysed by an orc sorcerer for 4 turns
 17074 | Orc:1    | Killed an orc warlord
 17246 | Orc:2    | Entered Level 2 of the Orcish Mines
 17618 | Orc:2    | Reached skill level 10 in Shields
 18009 | Orc:2    | Found Wasyiddeo's Weapon Shop.
 18009 | Orc:2    | Found Iggye's Book Emporium.
 18132 | Orc:2    | Found Xihaelu's Weapon Shop.
 18132 | Orc:2    | Found Ycy Rikh's Weapon Emporium.
 18533 | Orc:2    | Found a staircase to the Elven Halls.
 18763 | Orc:1    | Identified a scroll of acquirement
 18763 | Orc:1    | Acquired a +2 eveningstar of venom
 18879 | D:12     | Noticed Rupert
 18885 | D:12     | Killed Rupert
 19031 | D:12     | Noticed Nessos
 19045 | D:12     | Killed Nessos
 19046 | D:12     | Reached skill level 15 in Shields
 19051 | Abyss:2  | Cast into level 2 of the Abyss (a wizard)
 19105 | Abyss:2  | Noticed a tentacled starspawn
 19119 | Abyss:2  | Killed a tentacled starspawn
 19341 | Abyss:2  | Paralysed by an air elemental for 1 turns
 19349 | Abyss:2  | Paralysed by an air elemental for 1 turns
 19363 | D:12     | Escaped the Abyss
 19808 | D:12     | Identified the +1 scale mail of Shadows and Fog {Regen+
                  | Str+3 Int-4 Dex+3}
 20076 | D:12     | Found the +3 warlock's mirror {omnireflect}
 20078 | Abyss:2  | Cast into level 2 of the Abyss (a wizard)
 20115 | Abyss:2  | Reached XP level 15. HP: 80/126 MP: 14/24
 20117 | Abyss:2  | Noticed a daeva
 20127 | Abyss:2  | Found a corrupted altar of Lugonu.
 20157 | Abyss:3  | Found a corrupted altar of Lugonu.
 20163 | Abyss:3  | Gained mutation: Your magical capacity is low. (-10% MP) [a
                  | shining eye]
 20278 | Abyss:3  | Noticed a thorn hunter
 20315 | Abyss:3  | Noticed a tentacled starspawn
 20325 | Abyss:3  | Killed a tentacled starspawn
 20330 | D:12     | Escaped the Abyss
 20584 | D:13     | Found a frozen archway.
 20588 | IceCv    | Entered an ice cave
 20789 | IceCv    | Reached skill level 10 in Fighting
 20980 | D:13     | Got the Book of Arcane Weapons and Formation
 21046 | D:13     | Noticed Josephine
 21058 | D:13     | Killed Josephine
 21104 | D:13     | Noticed Lodul
 21116 | D:13     | Killed Lodul
 21513 | Abyss:3  | Cast into level 3 of the Abyss (a wizard)
 21552 | D:14     | Escaped the Abyss
 21575 | D:14     | Found a gate to the Vaults.
 21575 | D:14     | Noticed Agnes
 21586 | D:14     | Killed Agnes
 22128 | D:15     | Entered Level 15 of the Dungeon
 22152 | D:15     | Found a staircase to the Depths.
 22196 | D:15     | Acquired 651 gold pieces
 22430 | D:15     | Found a broken altar of Ashenzari.
 23056 | Spider:1 | Entered Level 1 of the Spider Nest
 23140 | Spider:1 | Reached XP level 16. HP: 136/148 MP: 22/22
 23179 | Spider:1 | Reached skill level 5 in Dodging
 23483 | Spider:1 | Identified the +0 trident "Hyimn" {heavy, rElec rC+ Int-5
                  | Dex+2}
 23850 | Spider:2 | Noticed Arachne
 23970 | Spider:1 | Killed Arachne
 24100 | Spider:2 | Acquired a manual of Dodging
 24959 | Spider:3 | Reached skill level 10 in Dodging
 25267 | Spider:3 | Acquired 1083 gold pieces
 25303 | Spider:4 | Entered Level 4 of the Spider Nest
 25821 | Spider:4 | Reached XP level 17. HP: 156/156 MP: 12/23
 25998 | Spider:4 | Got a gossamer rune of Zot
 26253 | Shoals:1 | Entered Level 1 of the Shoals
 26300 | Shoals:1 | Identified Roxanne's Elucidation of Stones
 26300 | Shoals:1 | Noticed Roxanne
 26312 | Shoals:1 | Killed Roxanne
 26762 | Shoals:1 | Reached skill level 13 in Invocations
 27107 | Shoals:2 | Reached skill level 14 in Invocations
 27171 | Shoals:2 | Noticed Ilsuiw
 27273 | Shoals:2 | Killed Ilsuiw
 27387 | Shoals:2 | Noticed Louise
 27401 | Shoals:2 | Killed Louise
 27640 | Shoals:3 | Noticed Polyphemus
 27661 | Shoals:3 | Reached skill level 15 in Invocations
 27724 | Shoals:3 | Killed Polyphemus
 27727 | Shoals:3 | Noticed Aizul
 27756 | Shoals:3 | Killed Aizul
 27780 | Shoals:3 | Reached XP level 18. HP: 164/164 MP: 25/26
 27962 | Shoals:3 | Found a runed translucent gate.
 27963 | Shoals:3 | Found a runed translucent gate.
 27964 | Shoals:3 | Found a runed translucent gate.
 27965 | Shoals:3 | Noticed Seidenschwarz's ghost (adept DECj)
 27965 | Shoals:3 | Noticed fearitself's ghost (adept MiBe)
 27991 | Shoals:3 | Killed Seidenschwarz's ghost
 28014 | Shoals:3 | Killed fearitself's ghost
 28030 | Shoals:3 | Identified the ring "Qouroma" {rElec rC+ Str+3 Int-2 SInv}
 28184 | Shoals:4 | Entered Level 4 of the Shoals
 28189 | Shoals:4 | Reached skill level 16 in Invocations
 28412 | Shoals:4 | Identified the ring of Unnicim {Ice rPois rCorr Str-3
                  | Dex+5}
 28529 | Shoals:4 | Reached skill level 17 in Invocations
 29061 | Shoals:4 | Got a barnacled rune of Zot
 29329 | Vaults:1 | Entered Level 1 of the Vaults
 29416 | Vaults:1 | Found Xarghoes's Antique Weapon Emporium.
 29668 | Vaults:1 | Reached skill level 18 in Invocations
 30254 | Vaults:1 | Reached skill level 19 in Invocations
 30343 | Vaults:1 | Reached XP level 19. HP: 171/171 MP: 26/29
 30937 | Vaults:2 | Reached skill level 20 in Invocations
 31321 | Vaults:2 | Found Ummos's Armour Boutique.
 32061 | Vaults:3 | Reached skill level 1 in Stealth
 32157 | Vaults:3 | Reached skill level 5 in Stealth
 32555 | Vaults:3 | Found a staircase to the Crypt.
 32555 | Vaults:3 | Found an ancient bone altar of Kikubaaqudgha.
 32555 | Vaults:3 | Found a basalt altar of Yredelemnul.
 33144 | Vaults:4 | Reached XP level 20. HP: 113/185 MP: 18/30
 33154 | Vaults:4 | Reached skill level 10 in Stealth
 33339 | Vaults:4 | Noticed a bone dragon
 33372 | Vaults:4 | Killed a bone dragon
 33376 | Vaults:4 | Noticed Donald
 33392 | Vaults:4 | Killed Donald
 34010 | Vaults:4 | Reached skill level 15 in Fighting
 34036 | Vaults:4 | Got the Dissertation on Beckoning
 34448 | Vaults:4 | Got Biniz's Compendium of the Caves
 34511 | Vaults:5 | Entered Level 5 of the Vaults
 34753 | Vaults:4 | Paralysed by a sphinx for 3 turns
 35099 | Vaults:5 | Noticed an ancient lich
 35114 | Vaults:5 | Identified the amulet "Zuoxam" {Spirit rF+ rC+ Int-3 Dex+6}
 35290 | Vaults:5 | Killed an ancient lich
 35291 | Vaults:5 | Identified the staff of cold "Ydae" {rC+ Will+ Int+4 Dex+3}
 35404 | Vaults:5 | Identified the ring "Irol" {rPois rN+ Dex+6 Slay+2 Stlth-}
 35459 | Vaults:5 | Reached XP level 21. HP: 171/200 MP: 14/31
 35462 | Vaults:5 | Identified the staff of earth "Mugaefo" {rCorr Dex+4}
 35482 | Vaults:5 | Identified the staff of fire "Zunew" {rF+ Str+5 Int-4}
 35523 | Vaults:5 | Identified the amulet of Dawn {Spirit rPois Int+2}
 35533 | Vaults:5 | Identified the +7 glaive of the Yoke {venom, rElec rN++
                  | Str+2}
 35763 | Vaults:5 | Identified the ring "Aneulosi" {rF+ rC+ rN+ Str-5 Dex+3}
 35774 | Vaults:5 | Acquired 382 gold pieces
 36096 | Vaults:5 | Paralysed by a vault sentinel for 5 turns
 36780 | Vaults:5 | Identified the +5 chain mail "Unkiep" {Regen+ Dex+3}
 36879 | Vaults:5 | Got the Almanac of Blight and Anathema
 36881 | Vaults:5 | Identified the +4 scale mail of Udam {rF+ rC+ Will+}
 37023 | Vaults:5 | Got a silver rune of Zot
 37223 | Depths:1 | Entered Level 1 of the Depths
 37293 | Depths:1 | Found Dudgheck's General Store.
 37297 | Depths:1 | Found Ilekheq's Armour Emporium.
 37302 | Depths:1 | Found Joevewote's General Store.
 37324 | Depths:1 | Bought a potion of curing for 42 gold pieces
 37324 | Depths:1 | Bought a potion of curing for 42 gold pieces
 37324 | Depths:1 | Bought a potion of heal wounds for 70 gold pieces
 37324 | Depths:1 | Bought 2 scrolls of butterflies for 112 gold pieces
 37326 | Depths:1 | Bought a +2 helmet of see invisible for 344 gold pieces
 37339 | Depths:1 | Bought a potion of ambrosia for 160 gold pieces
 37339 | Depths:1 | Bought a potion of curing for 60 gold pieces
 37484 | Depths:1 | Noticed the Enchantress
 37523 | Depths:1 | Pacified the Enchantress
 37699 | Depths:1 | Found a gateway to Hell.
 37816 | Depths:1 | Found a burning altar of Makhleb.
 37831 | Depths:1 | Found a burning altar of Makhleb.
 37831 | Depths:1 | Found the +16 obsidian axe {drain, demonic, Mesm Drain Fly
                  | SInv}
 38326 | Depths:2 | Found a one-way gate leading to the halls of Pandemonium.
 38541 | Depths:2 | Found a corrupted altar of Lugonu.
 38541 | Depths:2 | Found a one-way gate to the infinite horrors of the Abyss.
 38621 | Depths:2 | Noticed a juggernaut
 38643 | Depths:2 | Killed a juggernaut
 38644 | Depths:2 | Reached XP level 22. HP: 138/223 MP: 11/32
 38899 | Depths:2 | Noticed a juggernaut
 38919 | Depths:2 | Killed a juggernaut
 39146 | Depths:2 | Acquired the +1 cloak of Sin {Slay+3}
 39456 | Depths:3 | Noticed Mara
 39536 | Depths:3 | Noticed SnakkuSnakku7's illusion
 39544 | Depths:3 | Killed Mara
 39545 | Depths:3 | Reached skill level 15 in Armour
 39924 | Depths:3 | Noticed a juggernaut
 39941 | Depths:3 | Killed a juggernaut
 39973 | Depths:3 | Found a runed translucent door.
 40062 | Depths:3 | Noticed a juggernaut
 40078 | Depths:3 | Killed a juggernaut
 40084 | Depths:3 | Identified the ring of Onibatypn {Fire Drain Will+ SInv
                  | Stlth+}
 40100 | Depths:3 | Noticed a golden dragon
 40104 | Depths:3 | Killed a golden dragon
 40434 | Depths:3 | You fall into a shaft and drop 1 floor!
 40434 | Depths:4 | Entered Level 4 of the Depths
 40570 | Depths:4 | Found a gate to the Realm of Zot.
 41447 | Depths:4 | Found Wofrukh's Weapon Boutique.
 41590 | Depths:4 | Found a one-way gateway to a ziggurat.
 41597 | Depths:4 | Paralysed by a floating eye for 3 turns
 41609 | Depths:4 | Paralysed by a great orb of eyes for 2 turns
 42143 | Zot:1    | Entered Level 1 of the Realm of Zot
 42192 | Zot:1    | Reached XP level 23. HP: 186/230 MP: 21/33
 42234 | Zot:1    | Reached skill level 21 in Invocations
 42306 | Zot:2    | Noticed a curse toe
 42307 | Zot:2    | Killed a curse toe
 42411 | Zot:5    | Entered Level 5 of the Realm of Zot
 42790 | Zot:5    | Noticed a dread lich
 42807 | Zot:5    | Killed a dread lich
 42841 | Zot:5    | Reached skill level 22 in Invocations
 42863 | Zot:5    | Noticed a dread lich
 42885 | Zot:5    | Noticed an orb of fire
 42886 | Zot:5    | Gained mutation: You are vulnerable to heat. (rF-) [an orb
                  | of fire]
 42891 | Zot:5    | Noticed an orb of fire
 42919 | Zot:5    | Killed an orb of fire
 42922 | Zot:5    | Noticed a Killer Klown
 42924 | Zot:5    | Killed an orb of fire
 42951 | Zot:5    | Killed a Killer Klown
 42983 | Zot:5    | Noticed a Killer Klown
 43000 | Zot:5    | Killed a Killer Klown
 43004 | Zot:5    | Killed a dread lich
 43027 | Zot:5    | Identified the +1 leather armour of Action {-Cast Str+3
                  | Stlth+}
 43080 | Zot:5    | Noticed a dread lich
 43094 | Zot:5    | Noticed a curse toe
 43094 | Zot:5    | Noticed an orb of fire
 43097 | Zot:5    | Killed a dread lich
 43107 | Zot:5    | HP: 11/345 [death cob[an orange crystal statue] (12)]
 43108 | Zot:5    | Killed an orb of fire
 43109 | Zot:5    | Elyvilon protects you from harm!
 43111 | Zot:5    | Mangled by a death cob

Illustrated notes

Levels and vault maps discovered:
D:1:      dpeg_arrival_arbitrary_c, layout_rooms, dreamdust_princess_bridge,
          corexii_corridor_pit
D:2:      layout_loops_ring, basic_altar, kennysheep_another_room
D:3:      layout_basic, minmay_cupped
D:4:      layout_basic, grunt_temple_overflow_champion_of_chaos,
          ebering_ghost_gozag, nicolae_shop_i_like_small_books_too,
          patterned_corridor, uniq_ijyb, uniq_menkaure
D:5:      layout_loops_ring, serial_shops, shop, nicolae_shop_clearance,
          uniq_prince_ribbit1
D:6:      layout_cave_pools, uniq_edmund
D:7:      layout_gridville, minitemple, minmay_temple_entry_junction,
          uniq_duvessa
D:8:      layout_basic
D:9:      layout_grid_maze, lemuel_doored_altar, okawaru_metal_pillars_1_2
D:10:     layout_roguey, nicolae_hepliaklqana_monster_ancestors
D:11:     layout_loops_cross, lair_entry_dummy, erik_orc_4, serial_shops, shop,
          uniq_erolcha
D:12:     minmay_smoke_and_mirrors, layout_cave_pods, uniq_nessos, uniq_rupert
D:13:     layout_stronghold, portal_ice_cave_entry_pillars_2, uniq_lodul,
          uniq_josephine
D:14:     layout_small_grid, david_vaults_1, abandoned_shop, uniq_agnes
D:15:     hangedman_depths_entry_civil_slaughter, layout_irregular_city,
          evilmike_ruin_ashenzari
Lair:1:   layout_long_grid, minivault_26, kennysheep_rathole
Lair:2:   layout_regular_city, elwin_shoals_entry_rooms, beast_lair_carwin_1,
          grunt_megastairs_4
Lair:3:   layout_small_grid, spider_nest_entry_rubble, gammafunk_ghost_hive,
          kennysheep_abandoned_house
Lair:4:   layout_cellular_growth, infiniplex_staircase_pool, grunt_megastairs_3,
          serial_bayou_shore_b
Lair:5:   minmay_lair_end_frog_pond, layout_gridlike, slime_entry_2,
          infiniplex_staircase_pool_2, uniq_kirke
Shoals:1: cheibrodos_shoals_roost, layout_shoals,
          nicolae_shoals_pincushion_passage, uniq_roxanne
Shoals:2: layout_shoals, uniq_ilsuiw, uniq_louise
Shoals:3: layout_shoals, gammafunk_ghost_cemetery, uniq_polyphemus, uniq_aizul
Shoals:4: shoals_end_simple, layout_shoals, ldierk_geyser, yaktaur_hedge
Spider:1: layout_spider_delve, nicolae_spider_eight_legs
Spider:2: layout_spider_delve, uniq_arachne
Spider:3: layout_spider_delve
Spider:4: hellmonk_spider_rune_endless_swarm
Orc:1:    layout_diamond_mine
Orc:2:    st_orc_town, layout_caves, minmay_orc_temple_a
Vaults:1: v_pattern_2, v_misc_33, v_misc_19, nicolae_vaults_house_2,
          nicolae_vaults_house_1, nicolae_vaults_doubleplus_tesselated,
          vaults_standard_mumra_x, nicolae_vaults_closet_pinwheel_1,
          nicolae_vaults_puzzle_piece, nicolae_vaults_tetromino_T_2,
          nicolae_vaults_little_squares_5, layout_vaults_chaotic_city,
          serial_shops, shop
Vaults:2: hangedman_vaults_snaps, nicolae_vaults_wrenched, vaults_room_fours,
          nicolae_vaults_offset_grid_hallway_1, nicolae_vaults_little_squares_6,
          nicolae_vaults_six-pack, vaults_dpeg_ring, ontoclasm_vaults_ligature,
          nicolae_vaults_house_3, dpeg_vaults_monster_box,
          nicolae_vaults_taking_the_gang_shopping, layout_vaults_ring
Vaults:3: nicolae_vaults_disjoint_gnomons, v_misc_28,
          nicolae_vaults_wine_cellar, nicolae_vaults_network_square,
          nicolae_vaults_corridor_and_loot_room, nicolae_vaults_double_plus_2,
          v_pattern_4, nicolae_vaults_network_periphery, vaults_room_pool,
          nicolae_vaults_little_squares_1, layout_vaults_maze,
          minmay_crypt_entry_necro_gods
Vaults:4: nicolae_vaults_three_branches, v_misc_9, v_misc_4,
          nicolae_vaults_sesquioval_fish, nicolae_vaults_tangram_1,
          nicolae_vaults_puzzle_piece, nicolae_vaults_security_offices_4,
          layout_vaults_omnigrid, serial_hangedman_research,
          hangedman_research_thanatology, hangedman_research_quantum,
          hangedman_research_geology, hangedman_research_convocations,
          uniq_donald
Vaults:5
Depths:1: layout_basic, hangedman_coc_ice_floe, hangedman_decor_growths,
          grunt_guarded_unrand_obsidian_axe, minmay_shop_star, uniq_enchantress
Depths:2: minmay_crescents, layout_gridlike, abyss_entry_flame_altar,
          grunt_pan_entry_in_and_out, kennysheep_doodads, hell_entry
Depths:3: minmay_the_grid_triangle_9x9_recursive_3
          [minmay_the_grid_triangle_9x9_descending_squares,
          minmay_the_grid_triangle_9x9_impossible_snake,
          minmay_the_grid_triangle_9x9_corruption,
          minmay_the_grid_triangle_9x9_prize_top_heavy,
          minmay_the_grid_triangle_9x9_odd_lines,
          minmay_the_grid_triangle_9x9_flanged_cone,
          minmay_the_grid_triangle_9x9_subtriangle,
          minmay_the_grid_triangle_9x9_minimal,
          minmay_the_grid_triangle_9x9_swiss_cheese], layout_gridlike,
          abyss_entry_glasseish, pf_hell_entry_tar_spiral, dk_noncrumbling_2,
          minmay_strange_pillars, uniq_mara
Depths:4: evilmike_zot_entry_argh, layout_honeycomb, enter_ziggurat_d,
          serial_shops, nicolae_shop_bloodbath_and_beyond,
          minmay_misc_feat_pillars, grunt_hell_entry_dis_old,
          rand_demon_pan_entry_4, minivault_1, serial_bayou_shore_b
Zot:1:    layout_misc_corridors, door_vault
Zot:2:    layout_gridlike
Zot:3:    layout_twisted_circle, hangedman_spider_trapstep, uniq_vv,
          uniq_josephina
Zot:4:    layout_onion
Zot:5:    layout_misc_corridors

Skill      XL: |  1  2  3  4  5  6  7  8  9 10 11 12 13 14 15 16 17 18 19 20 21 22 23 |
---------------+----------------------------------------------------------------------+-----
Fighting       | 2 3 4 5 7 12 13 17 20 | 20.0
Axes           | 2 3 4 |  4.4
Maces & Flails | 1 5 8 11 13 15 | 15.6
Armour         | 6 10 12 19 20 | 20.0
Invocations    | 8 12 15 19 20 22 | 22.9
Shields        | 7 15 | 15.7
Dodging        | 4 12 13 | 13.5
Stealth        | 9 10 | 10.0
Throwing       | |  0.8
Spellcasting   | |  1.7
Translocations | |  3.0

Action                     |  1- 3 |  4- 6 |  7- 9 | 10-12 | 13-15 | 16-18 | 19-21 | 22-24 || total
---------------------------+-------+-------+-------+-------+-------+-------+-------+-------++-------
  Melee: Hand axe          |   139 |     1 |       |       |       |       |       |       ||   140
         Tailslap          |    18 |    22 |    38 |    92 |   274 |   305 |   422 |   205 ||  1376
         War axe           |       |    26 |       |       |       |       |       |       ||    26
         Whip              |       |   114 |    35 |       |       |       |       |       ||   149
         Punch             |       |     3 |     3 |     8 |     1 |       |       |       ||    15
         Morningstar       |       |       |   289 |   755 |   965 |       |       |       ||  2009
         Eveningstar       |       |       |       |       |   765 |  1915 |  1877 |   822 ||  5379
  Throw: Boomerang         |       |     4 |       |       |       |       |       |       ||     4
         Dart              |       |       |       |     6 |       |       |       |       ||     6
 Invoke: Purification      |       |       |       |     1 |     2 |     3 |       |     1 ||     7
         Heal Other        |       |       |       |     2 |     4 |     3 |    21 |     9 ||    39
         Heal Self         |       |       |       |       |     1 |       |       |       ||     1
         Divine Vigour     |       |       |       |       |       |       |       |     1 ||     1
  Evoke: Wand              |       |       |     3 |     1 |     1 |       |       |     2 ||     7
    Use: Scroll            |       |     5 |     5 |     7 |    23 |    10 |     6 |     5 ||    61
         Potion            |       |       |     7 |     2 |     2 |     1 |     5 |     6 ||    23
   Stab: Paralysed         |       |       |       |     6 |       |       |       |       ||     6
         Sleeping          |       |       |       |       |       |       |    10 |     5 ||    15
         Distracted        |       |       |       |       |       |       |     7 |     1 ||     8
         Petrifying        |       |       |       |       |       |       |     1 |       ||     1
 Armour: Leather armour    |    57 |    45 |    57 |       |       |       |       |       ||   159
         Chain mail        |       |       |   211 |   484 |   179 |       |       |       ||   874
         Skin              |       |       |       |     1 |       |       |       |       ||     1
         Troll leather arm |       |       |       |       |   553 |   884 |   997 |   382 ||  2816
  Dodge: Dodged            |    79 |    57 |   139 |   426 |   772 |  1193 |   999 |   331 ||  3996
  Block: Buckler           |       |       |       |       |   473 |   958 |   930 |   365 ||  2726
         Reflection        |       |       |       |       |     7 |    65 |    73 |    32 ||   177
